 Dungeon Crawl Stone Soup version 0.27.1-33-g824d729ab1 (webtiles) character file.

Game seed: 14548702384199430771

16 lordive the Digger (level 2, -2/15 HPs)
             Began as a Gargoyle Earth Elementalist on Dec 25, 2021.
             Slain by a jackal (3 damage)
             ... on level 2 of the Dungeon.
             The game lasted 00:01:50 (686 turns).

lordive the Digger (Gargoyle Earth Elementalist)     Turns: 686, Time: 00:01:52

Health: -2/15      AC:  4    Str: 11    XL:     2   Next: 58%
Magic:  2/5        EV: 11    Int: 15    God:
Gold:   126        SH:  0    Dex: 10    Spells: 4/5 levels left

rFire    . . .     SeeInvis .   f - +0 mace (venom)
rCold    . . .     Faith    .   (no shield)
rNeg     + . .     Spirit   .   b - +0 robe
rPois    ∞         Reflect  .   (no helmet)
rElec    +         Harm     .   (no cloak)
rCorr    .         Rampage  .   (no gloves)
Will     .....                  (no boots)
Stlth    ++........             (no amulet)
HPRegen  0.05/turn              (no ring)
MPRegen  0.09/turn              (no ring)

@: no status effects
A: sickness immunity, AC +2, negative energy resistance 1, electricity
resistance, torment resistance 1, petrification resistance
a: no special abilities


You were on level 2 of the Dungeon.
You visited 1 branch of the dungeon, and saw 2 of its levels.

You collected 126 gold pieces.

Inventory:

Hand Weapons
 f - a +0 mace of venom (weapon)
Missiles
 c - 32 stones
Armour
 b - a +0 robe (worn)
Magical Staves
 e - a staff of cold
Scrolls
 a - a scroll of identify {unknown}
 d - a scroll of enchant weapon {unknown}
 g - 4 scrolls of teleportation {unknown}
Potions
 h - a potion of might {unknown}


   Skills:
 + Level 1.5 Dodging
 + Level 2.2 Stealth
 * Level 2.3 Spellcasting
 * Level 0.5 Conjurations
 + Level 0.7 Transmutations
 * Level 4.1 Earth Magic


You had 4 spell levels left.
You knew the following spells:

 Your Spells              Type           Power      Damage    Failure   Level
a - Sandblast             Erth           28%        2d8       3%          1

Your spell library contained the following spells:

 Spells                   Type           Power      Damage    Failure   Level
 Passwall                 Tmut/Erth      7%         N/A       12%         2
 Stone Arrow              Conj/Erth      16%        3d8       24%         3
 Petrify                  Tmut/Erth      9%         N/A       61%         4


Dungeon Overview and Level Annotations

Branches:
Dungeon (2/15)

Altars:

Shops:
D:1 *

Annotations:
D:2 Sigmund


Innate Abilities, Weirdness & Mutations

You are immune to sickness and miasma.
Your stone body is resilient. (AC +2)
You are immune to poison.
You resist negative energy. (rN+)
You are resistant to electric shocks. (rElec)
You are resistant to unholy torment.
You are immune to petrification.


Message History

Casting: Sandblast (safe; 4% risk of failure)
Confirm with . or Enter, or press ? or * to list all spells.
Aiming: Sandblast (safe; 4% risk of failure)
Press: ? - help, Shift-Dir - straight line, f/p - quokka
Aim: a quokka (71% to hit)
The blast of sand hits the quokka.
You kill the quokka!
The jackal misses you.
Casting: Sandblast (safe; 4% risk of failure)
Confirm with . or Enter, or press ? or * to list all spells.
Aiming: Sandblast (safe; 4% risk of failure)
Press: ? - help, Shift-Dir - straight line, f - jackal
Aim: a jackal (severely wounded, 74% to hit)
The blast of sand hits the jackal.
You kill the jackal!
Sigmund drinks a potion.
Sigmund flickers and vanishes!
Deactivating autopickup; reactivate with Ctrl-A.
You hit the jackal but do no damage.
The jackal is poisoned.
The jackal bites you but does no damage. x2
The jackal misses you. The jackal barely misses you.
You hit the jackal.
You kill the jackal!
The jackal bites you but does no damage.
The jackal closely misses you. The jackal bites you.
You closely miss the jackal.
The jackal bites you but does no damage.
The jackal completely misses you. The jackal misses you.
The jackal bites you but does no damage.
You hit the jackal but do no damage.
The jackal is poisoned.
The jackal closely misses you.
The jackal bites you but does no damage.
The jackal barely misses you. The jackal bites you.
You closely miss the jackal.
The jackal is moderately wounded.
Something hits you!
Ouch! That really hurt!
* * * LOW HITPOINT WARNING * * *
The jackal bites you but does no damage. x2
The jackal closely misses you. The jackal bites you.
You die...

. #### ..##...
.......
..##.{h#######..
.....rh@........
..######........
#<#####.# #.#
#.# #.# ... #.#
#.#


You could see 2 jackals and a rat.

Vanquished Creatures
  A dart slug (D:1)
  An endoplasm (D:1)
  A giant cockroach (D:1)
  A goblin (D:1)
  A hobgoblin (D:1)
  2 jackals (D:2)
  3 quokkas
  A ball python (D:1)
  A kobold (D:1)
12 creatures vanquished.

Notes
Turn   | Place    | Note
-------+----------+-------------------------------------------
     0 | D:1      | lordive the Gargoyle Earth Elementalist began the quest for
                  | the Orb.
     0 | D:1      | Reached XP level 1. HP: 10/10 MP: 3/3
   219 | D:1      | Found Jeustrazi's Assorted Antiques.
   302 | D:1      | Reached skill level 4 in Earth Magic
   311 | D:1      | Reached XP level 2. HP: 15/15 MP: 1/5
   679 | D:2      | Noticed Sigmund
   686 | D:2      | Slain by a jackal

Illustrated notes

Levels and vault maps discovered:
D:1:      ebering_trefoil_twist, layout_rooms, serial_shops, shop_coins,
          st_stairs_11
D:2:      layout_loops_ring, shapermc_ecumenical_altar_acropolis, uniq_robin,
          uniq_sigmund, uniq_natasha

Skill      XL: |  1 |
---------------+----+-----
Earth Magic    | 4 |  4.1
Dodging        | |  1.5
Stealth        | |  2.2
Spellcasting   | |  2.3
Conjurations   | |  0.5
Transmutations | |  0.7

Action                   || total
-------------------------++-------
Melee: Mace              ||     5
 Cast: Sandblast         ||    15
Armor: Robe              ||     9
Dodge: Dodged            ||    11
